 Dungeon Crawl Stone Soup version 0.16.2-2-g470672f (webtiles) character file.

38058 CrazyArbalest the Sharpshooter (level 13, 0/105 HPs)
             Began as a Centaur Hunter on Aug 18, 2015.
             Was an Initiate of Gozag.
             Killed from afar by an ice dragon (15 damage)
             ... with a blast of cold
             ... on level 6 of the Lair of Beasts on Aug 19, 2015.
             The game lasted 04:11:06 (26531 turns).

CrazyArbalest the Sharpshooter (Centaur Hunter)    Turns: 26531, Time: 04:11:06

Health: 0/105      AC: 12    Str: 14    XL:     13   Next: 61%
Magic:  0/20       EV:  9    Int: 10    God:    Gozag
Gold:   4044       SH:  0    Dex: 16    Spells: 0 memorised, 12 levels left

rFire  x . .     SeeInvis .     b - +1 hand crossbow
rCold  + + .     Clarity  .     p - +0 chain mail {rC+}
rNeg   . . .     SustAb   .     (no shield)
rPois  .         Gourm    .     X - +1 helmet
rElec  .         Spirit   +     o - +0 cloak (curse)
rCorr  .         Warding  .     U - +0 pair of gloves
rMut   .         Stasis   .     (no barding)
MR     .....                    u - amulet of guardian spirit
Stlth  ..........               r - ring of magical power
                                E - ring of ice

@: very quick, not resistant to hostile enchantments, extremely unstealthy
A: hooves 3, deformed body, speed 2, mutation resistance 1, tough skin 3
a: Potion Petition, Call Merchant, Bribe Branch, Renounce Religion


You were on level 6 of the Lair of Beasts.
You worshipped Gozag.
Gozag was noncommittal.
You were not hungry.

You visited 3 branches of the dungeon, and saw 18 of its levels.
You also visited: Trove, Bailey and Volcano.

You collected 4177 gold pieces.
You paid 133 gold pieces to Gozag.

Inventory:

Hand weapons
 a - a +2 rapier of electrocution
 b - a +1 hand crossbow (weapon)
 c - a +3 trident of piercing
 d - a +4 rapier of flaming
 g - a +4 dagger of venom
 l - a +1 dagger of holy wrath
 G - a +0 dire flail of crushing
Missiles
 e - 33 tomahawks of returning
 i - 20 poisoned bolts (quivered)
 n - 10 silver bolts
 D - 62 bolts
 H - 19 bolts of frost
Armour
 o - a cursed +0 cloak (worn)
 p - a +0 chain mail of cold resistance (worn)
 z - a +0 chain mail of poison resistance
 B - a cursed +0 leather armour
 F - a +1 robe of cold resistance
 N - a +2 cloak
 U - a +0 pair of gloves (worn)
 X - a +1 helmet (worn)
 Y - a +2 animal skin of fire resistance
 Z - a +3 leather armour of poison resistance
Jewellery
 r - a ring of magical power (right hand)
 u - an amulet of guardian spirit (around neck)
 x - a +5 ring of intelligence
 E - a ring of ice (left hand)
 K - an uncursed ring of teleport control
 M - an uncursed amulet of stasis
 V - an uncursed ring of protection from fire
Magical devices
 h - a wand of teleportation (1)
 k - a wand of paralysis (8)
 w - a wand of random effects (17)
 y - a wand of cold (11)
 A - a wand of fire (0)
 C - a wand of polymorph (4)
 L - a wand of confusion (20)
 R - a wand of disintegration (8)
 T - a wand of disintegration (1)
Scrolls
 j - 2 scrolls of teleportation
 s - a scroll of holy word
 v - a scroll of fog
 J - a scroll of summoning {unknown}
 P - a scroll of remove curse
 Q - 6 scrolls of blinking
 S - a scroll of magic mapping
 W - 5 scrolls of identify
Potions
 t - 3 potions of curing
 I - 2 potions of agility {unknown}
 O - a potion of restore abilities
Miscellaneous
 m - a stone of tremors
Comestibles
 f - 14 bread rations
 q - 3 meat rations


   Skills:
 + Level 7.4 Fighting
 + Level 4.5 Short Blades
 - Level 3.1 Polearms
 * Level 16.3 Crossbows
 - Level 4.0 Armour
 + Level 13.0 Dodging
 + Level 2.5 Stealth
 + Level 1.2 Evocations


You had 12 spell levels left.
You didn't know any spells.

Dungeon Overview and Level Annotations

Branches:
Dungeon (10/15)            Temple (1/1) D:5            Lair (7/8) D:10
 Shoals (0/5) Lair:3        Snake (0/5) Lair:5          Orc (0/4) D:10
  Slime: Lair:6-8

Altars:
Ashenzari
Cheibriados
Dithmenos
Elyvilon
Fedhas
Gozag
Kikubaaqudgha
Makhleb
Nemelex Xobeh
Okawaru
Qazlal
Ru
Sif Muna
Trog
Vehumet
Xom
Yredelemnul
Zin
The Shining One
Beogh

Portals:
Ice
Cave: Lair:6


Innate Abilities, Weirdness & Mutations

You have hooves in place of feet.
Armour fits poorly on your strangely shaped body.
You cover ground very quickly.
You have extremely tough skin (AC +3).
You are somewhat resistant to further mutation.


Message History

Drink which item? (? for menu, Esc to quit)
You feel better.
Evoke which item? (* to show all) (? for menu, Esc to quit)
Zapping:
A - a wand of fire {zapped: 5} (will waste charges)
Press: ? - help, Shift-Dir - straight line, f/p - ice dragon
Aim: an ice dragon (heavily wounded, catching its breath) Nothing appears to happen.
The ice dragon bites you but does no damage.
The ice dragon closely misses you.
The ice dragon tramples you but does no damage.
Evoke which item? (* to show all) (? for menu, Esc to quit)
Zapping:
L - a wand of confusion (will waste charges)
Press: ? - help, Shift-Dir - straight line, f/p - ice dragon
Aim: an ice dragon (heavily wounded, catching its breath, chance 31%)
The ice dragon easily resists.
Evoking this partially-identified wand wasted a few charges.
The ice dragon breathes frost at you. The blast of cold hits you! You resist.
You die...
Your body crumbles into a pile of gold.

##.,,*#....#,* #.#.#.
*.(***#...#,** ##.##.
*#$* ##..#*** ##..[..
#$###...# ##..#...
##$###..######...+...
##.###.......#..##P...
##.####.......#..#.P...
#................#.....
#.#..D@.........###....
###............## #....
*#....>......## #....
#...$........# ##...
####.#####..## **....
### #### *..### ###*


You could see an ice dragon.

Vanquished Creatures
  Fannar (Lair:5)
  A catoblepas (Lair:4)
  Erica (Lair:5)
  4 death yaks (Lair:4)
  A hydra (Lair:2)
  The ghost of krupnik16 the Archer, an experienced CeHu (D:6)
  An orc knight (Bailey)
  A griffon (Lair:5)
  A wizard (D:9)
  6 elephants (Lair:4)
  Joseph (D:7)
  A molten gargoyle (Volcano)
  A gargoyle (Volcano)
  5 spiny frogs
  3 black mambas
  A siren (Lair:3)
  5 komodo dragons
  A fire drake (Lair:5)
  2 trolls
  2 polar bears (Lair:6)
  Grinder (D:3)
  A shadow (D:9)
  2 two-headed ogres
  14 blink frogs
  4 basilisks
  32 yaks
  A wraith (D:10)
  2 fire elementals (Volcano)
  A spriggan (D:7)
  4 deep elf magi
  A hungry ghost (D:8)
  A steam dragon (D:7)
  9 hippogriffs
  Edmund (D:5)
  5 wolves (Lair:4)
  3 nagas
  9 porcupines
  7 water moccasins
  5 orc warriors
  2 black bears (D:7)
  3 phantoms
  4 ice beasts
  6 sky beasts
  An eye of draining (D:10)
  12 ogres
  7 centaurs
  7 crocodiles
  A wasp (D:8)
  3 big kobolds
  17 giant frogs
  A water moccasin zombie (D:10)
  A wyvern skeleton (D:9)
  8 killer bees
  5 scorpions
  An electric eel (Lair:3)
  6 wights
  A centaur zombie (D:9)
  A giant frog zombie (D:9)
  9 hounds
  2 quasits
  2 jellies
  4 crimson imps
  2 goliath beetles
  A giant frog skeleton (D:5)
  12 orc wizards
  10 orc priests
  6 worker ants
  Natasha (thrice) (D:5)
  A centaur skeleton (D:6)
  6 iguanas
  A killer bee zombie (D:9)
  3 sheep (Lair:5)
  Jessica (D:2)
  2 hound skeletons
  Terence (D:3)
  Robin (D:2)
  9 gnolls
  46 river rats
  A worker ant zombie (D:9)
  25 adders
  2 shadow imps
  3 giant mites
  2 worms (D:2)
  An adder zombie (D:9)
  An adder skeleton (D:6)
  29 orcs
  15 bats
  A bat skeleton (D:4)
  A bat zombie (D:6)
  5 giant cockroaches
  22 goblins
  14 hobgoblins
  7 jackals
  15 quokkas
  4 ball pythons
  6 giant geckos
  6 giant newts
  21 kobolds
  3 quokka zombies
  15 rats
  6 ballistomycetes
  3 fungi
  A plant (Lair:4)
561 creatures vanquished.

Vanquished Creatures (others)
  A sheep (Lair:5)
  2 giant spores
  7 fungi
  9 plants
19 creatures vanquished.

Grand Total: 580 creatures vanquished

Notes
Turn   | Place    | Note
--------------------------------------------------------------
     0 | D:1      | CrazyArbalest, the Centaur Hunter, began the quest for the Orb.
     0 | D:1      | Reached XP level 1. HP: 17/17 MP: 1/1
   244 | D:1      | Reached XP level 2. HP: 24/24 MP: 2/2
   486 | D:1      | Reached skill level 5 in Crossbows
   986 | D:2      | Reached XP level 3. HP: 24/29 MP: 3/3
  1304 | D:2      | Reached XP level 4. HP: 23/37 MP: 3/3
  1641 | D:2      | Noticed Robin
  2013 | D:1      | Reached skill level 1 in Short Blades
  2039 | D:2      | Killed Robin
  2039 | D:2      | Reached XP level 5. HP: 33/44 MP: 4/4
  2155 | D:2      | Noticed Jessica
  2190 | D:2      | Killed Jessica
  2190 | D:2      | Reached skill level 1 in Armour
  2760 | D:3      | Reached skill level 6 in Crossbows
  2873 | D:3      | Reached XP level 6. HP: 51/51 MP: 5/5
  3121 | D:3      | Noticed Grinder
  3208 | D:3      | Killed Grinder
  3208 | D:3      | Reached skill level 7 in Crossbows
  3208 | D:3      | Reached XP level 7. HP: 19/57 MP: 5/5
  3502 | D:3      | Noticed Terence
  3558 | D:3      | Killed Terence
  4450 | D:4      | Reached skill level 8 in Crossbows
  4842 | D:4      | Reached XP level 8. HP: 48/63 MP: 6/6
  5170 | D:4      | Found a roughly hewn altar of Beogh.
  5409 | D:4      | Reached skill level 9 in Crossbows
  5436 | D:5      | Entered Level 5 of the Dungeon
  5561 | D:5      | Found a staircase to the Ecumenical Temple.
  5568 | Temple   | Entered the Ecumenical Temple
  5699 | Temple   | Became a worshipper of Gozag Ym Sagoz the Greedy
  5817 | D:5      | Noticed Natasha
  5821 | D:5      | Killed Natasha
  5860 | D:5      | Reached skill level 1 in Stealth
  6048 | D:5      | Noticed Natasha
  6053 | D:5      | Killed Natasha
  6606 | D:5      | Noticed Natasha
  6615 | D:5      | Killed Natasha
  6674 | D:6      | Reached skill level 1 in Polearms
  6803 | D:6      | Noticed Edmund
  6806 | D:6      | Noticed krupnik16's ghost (experienced CeHu)
  6941 | D:5      | Killed Edmund
  7025 | D:6      | Found a basalt altar of Yredelemnul.
  7048 | D:6      | Reached skill level 10 in Crossbows
  7330 | D:6      | Reached XP level 9. HP: 43/71 MP: 7/7
  8238 | D:7      | Found a flagged portal.
  8251 | Bailey   | Entered a bailey
  8596 | Bailey   | Noticed an orc knight
  8619 | Bailey   | Killed an orc knight
  8728 | Bailey   | Noticed an orc knight
  8781 | Bailey   | Found an iron altar of Okawaru.
  8820 | Bailey   | Reached skill level 5 in Fighting
  9285 | D:7      | Found a glowing golden altar of the Shining One.
  9657 | D:7      | Reached skill level 1 in Evocations
  9749 | D:7      | Reached skill level 11 in Crossbows
  9926 | D:7      | Noticed Joseph
 10287 | D:5      | Reached skill level 5 in Dodging
 10811 | D:7      | Reached XP level 10. HP: 79/81 MP: 9/9
 10894 | D:7      | Killed Joseph
 11394 | D:8      | Found a sparkling altar of Nemelex Xobeh.
 11394 | D:8      | Found an iron altar of Okawaru.
 11465 | D:8      | Found a white marble altar of Elyvilon.
 12004 | D:8      | Identified a scroll of acquirement
 12466 | D:9      | Noticed a wizard
 12490 | D:9      | Killed a wizard
 12743 | D:9      | Reached skill level 12 in Crossbows
 13619 | D:9      | Gained mutation: You are somewhat resistant to further mutation. [potion of beneficial mutation]
 13891 | D:9      | Reached XP level 11. HP: 83/90 MP: 10/10
 14068 | D:10     | Entered Level 10 of the Dungeon
 14088 | D:10     | Found a staircase to the Orcish Mines.
 15043 | D:10     | Found a staircase to the Lair.
 15179 | D:10     | Reached skill level 13 in Crossbows
 15610 | D:10     | Found a portal to a secret trove of treasure.
 16038 | D:10     | You paid a toll of 2 potions of cure mutation to enter a treasure trove
 16039 | Trove    | Entered a treasure trove
 16643 | Lair:1   | Entered Level 1 of the Lair of Beasts
 17675 | Lair:1   | HP: 4/91 [blink frog (10)]
 17887 | Lair:1   | Reached skill level 10 in Dodging
 18106 | Lair:2   | Found a dark tunnel.
 18111 | Volcano  | Entered a volcano
 18121 | Volcano  | Reached XP level 12. HP: 75/97 MP: 11/11
 19174 | Lair:2   | Noticed a four-headed hydra
 19188 | Lair:2   | Killed a four-headed hydra
 20694 | D:6      | Killed krupnik16's ghost
 21757 | Lair:3   | Found a staircase to the Shoals.
 22192 | Lair:4   | Noticed a catoblepas
 22224 | Lair:4   | Killed a catoblepas
 22387 | Lair:4   | Reached skill level 14 in Crossbows
 23069 | Lair:4   | Reached XP level 13. HP: 95/105 MP: 11/11
 23508 | Lair:4   | Reached skill level 15 in Crossbows
 24432 | Lair:5   | Noticed Fannar
 24855 | Lair:5   | Found a staircase to the Snake Pit.
 25105 | Lair:5   | Killed Fannar
 25446 | Lair:5   | Noticed Erica
 25529 | Lair:5   | Killed Erica
 25929 | Lair:6   | Reached skill level 16 in Crossbows
 26154 | Lair:6   | You fall through a shaft!
 26373 | Lair:6   | Found a frozen archway.
 26528 | Lair:6   | HP: 5/105 [ice dragon/blast of cold (8)]
 26531 | Lair:6   | Killed from afar by an ice dragon

Action                   |  1- 3 |  4- 6 |  7- 9 | 10-12 | 13-15 || total
-------------------------+-------+-------+-------+-------+-------++-------
Melee: Short sword       |   143 |   131 |    34 |       |       ||   308
       Dagger            |       |       |    40 |   618 |    26 ||   684
       Trident           |       |       |   338 |    32 |       ||   370
       Rapier            |       |       |    37 |   447 |   115 ||   599
       Hand crossbow     |       |       |       |     2 |       ||     2
 Fire: Hand crossbow     |     9 |    82 |    88 |   495 |   266 ||   940
Throw: Stone             |       |       |     3 |       |       ||     3
Evoke: Wand              |       |       |    11 |       |     6 ||    17
  Use: Scroll            |       |       |    10 |    13 |     3 ||    26
       Potion            |       |       |     5 |     8 |     2 ||    15
 Stab: Distracted        |       |     1 |     1 |     7 |       ||     9
       Sleeping          |       |       |       |     1 |       ||     1
  Eat: Chunk             |     1 |     5 |     6 |       |       ||    12
       Fruit             |       |       |     3 |     2 |     1 ||     6
       Pizza             |       |       |     3 |     1 |       ||     4
       Meat ration       |       |       |     1 |     5 |     2 ||     8
       Beef jerky        |       |       |     1 |     1 |       ||     2
       Bread ration      |       |       |       |     1 |       ||     1
